 Dungeon Crawl Stone Soup version 0.31-a0-204-g7da18cac08 (webtiles) character file.

Game seed: 17756175033336658845

26 qw the Shooter (level 2, -1/16 HPs)
             Began as a Deep Elf Hunter on June 27, 2023.
             Succumbed to their own poison gas
             ... on level 1 of the Dungeon.
             The game lasted 00:00:15 (501 turns).

qw the Shooter (Deep Elf Hunter)                     Turns: 501, Time: 00:00:16

Health: -1/16      AC:  3    Str:  8    XL:     2   Next: 89%
Magic:  4/4        EV: 12    Int: 13    God:
Gold:   58         SH:  5    Dex: 18    Spells: 1/1 levels left

rFire   . . .        Y - +0 shortbow
rCold   . . .        (shield currently unavailable)
rNeg    . . .        c - +0 leather armour
rPois   .            (no helmet)
rElec   .            (no cloak)
rCorr   .            (no gloves)
SInv    .            (no boots)
Will    .....        j - amulet of reflection
Stlth   ++           (no ring)
HPRegen 0.22/turn    (no ring)
MPRegen 0.09/turn

%: reflection
@: lethally poisoned (-1 -> -16)
A: no striking features
a: no special abilities


You were on level 1 of the Dungeon.
You visited 1 branch of the dungeon, and saw 1 of its levels.

You collected 58 gold pieces.


   Skills:
 - Level 1.5 Fighting
 + Level 6.6 Ranged Weapons
 - Level 2.4 Dodging
 - Level 1.2 Stealth


You had one spell level left.
You didn't know any spells.
Your spell library was empty.

Inventory:

Hand Weapons
 Y - a +0 shortbow (weapon)
Armour
 c - a +0 leather armour (worn)
Jewellery
 j - an amulet of reflection (around neck)
Scrolls
 a - a scroll of identify
Potions
 g - a potion of attraction {unknown}
 k - a potion of magic {unknown}

Dungeon Overview and Level Annotations

Branches:
Dungeon (1/15)

Altars:


Message History

Enter note: Done exploring.
496 ||| READING scroll labelled VAVVUN RIWKUDD.
Blink to where?
Press: ? - help, Dir - move target, f - you Are you sure you want to cancel this blink?
As you read the scroll labelled VAVVUN RIWKUDD, it crumbles to dust.
It was a scroll of blinking.
Done exploring.
497 ||| READING scroll labelled FAGGAE YCILU.
The air fills with toxic fumes!
As you read the scroll labelled FAGGAE YCILU, it crumbles to dust.
It was a scroll of poison.
Done exploring.
498 ||| DROPPING scroll of butterflies.
You drop a scroll of butterflies.
Done exploring.
(D) Dungeon
Where to? (* - list waypoints, ? - help)
What level of the Dungeon? (default 1, ? - help) Sorry, I don't know how to get there.
Enter note:
Enter note:
Enter note:
Enter note:
Enter note:
Enter note: Really walk into that cloud of poison gas?
You are engulfed in poison gas.
You are lethally poisoned!
You feel very sick.
500 ||| Stepping ~*~*~tactically~*~*~ (cloud).
You feel very sick.
Enter note:
Enter note:
Enter note:
Enter note:
Enter note:
Enter note:
There is a lethal amount of poison in your body!
You die...

###........(#...%...#...
###¤#######.)...#####.##
#######¤¤.....###.#.........
#...##.¤¤¤...¤¤.#.#..##....#
#.#..#.#¤¤###¤#.#(...##....#
#.#....#¤¤¤.¤¤#.#.##>##...##
#.#..###¤¤¤?¤¤#.#.##.##...##
#...¤¤¤¤¤¤¤#..#.####.##...##
########¤¤¤@¤¤#...##.##.####
#.....¤¤¤¤¤.¤¤#.####.##.# #
#.#######¤¤.¤¤#.......#.# #
#.......¤¤¤.¤¤¤......##.####
#########¤¤.¤¤¤¤.....##...#
#####¤¤.¤¤¤¤.....####.##
#.#####......# #...
##.###.#......# ####
#......#......# ###.


There were no monsters in sight!

Vanquished Creatures
  4 endoplasms (D:1)
  A giant cockroach (D:1)
  4 goblins (D:1)
  3 hobgoblins (D:1)
  2 quokkas (D:1)
  A ball python (D:1)
  3 bats (D:1)
  A frilled lizard (D:1)
  3 kobolds (D:1)
  A rat (D:1)
23 creatures vanquished.

Notes
Turn   | Place    | Note
-------+----------+-------------------------------------------
     0 | D:1      | qw the Deep Elf Hunter began the quest for the Orb.
     0 | D:1      | Reached XP level 1. HP: 12/12 MP: 3/3
     0 | D:1      | 0 ||| qw: Version: 0.3-a-22-g0ed2b0b
     0 | D:1      | 0 ||| qw: Game counter: 6474
     0 | D:1      | 0 ||| qw: Melee chars always use a shield: true
     0 | D:1      | 0 ||| qw: God list: Okawaru
     0 | D:1      | 0 ||| qw: Allow faded altars: false
     0 | D:1      | 0 ||| qw: Do Orc after clearing Dungeon:15 true
     0 | D:1      | 0 ||| qw: Do second Lair branch before Depths: true
     0 | D:1      | 0 ||| qw: Lair rune preference: random
     0 | D:1      | 0 ||| qw: Goals: Normal
     0 | D:1      | 0 ||| PLANNING D:1-11
    82 | D:1      | Reached XP level 2. HP: 16/16 MP: 4/4
   109 | D:1      | Reached skill level 6 in Ranged Weapons
   486 | D:1      | 486 ||| UPGRADING to amulet of reflection.
   491 | D:1      | 491 ||| READING 2 scrolls labelled LIESUDY ZUER.
   492 | D:1      | 492 ||| READING scroll labelled JIGOFALLUW.
   495 | D:1      | 495 ||| READING scroll labelled DUTEUFAITH.
   496 | D:1      | 496 ||| READING scroll labelled VAVVUN RIWKUDD.
   497 | D:1      | 497 ||| READING scroll labelled FAGGAE YCILU.
   498 | D:1      | 498 ||| DROPPING scroll of butterflies.
   500 | D:1      | 500 ||| Stepping ~*~*~tactically~*~*~ (cloud).
   500 | D:1      | HP: 2/16 [poisoned by you (poison gas)]
   501 | D:1      | Succumbed to their own poison gas

Levels and vault maps discovered:
D:1:      dpeg_arrival_court, layout_basic

Skill      XL: |  1  2 |
---------------+-------+-----
Ranged Weapons | 6 |  6.6
Fighting       | |  1.5
Dodging        | |  2.4
Stealth        | |  1.2

Action                     || total
---------------------------++-------
   Fire: Shortbow          ||    53
    Use: Scroll            ||     5
 Armour: Leather armour    ||     2
  Dodge: Dodged            ||     4

Table legend:
 A = Non-vault XP
 B = Vault XP
 C = Vault XP percentage of total XP
 D = Non-vault monster count
 E = Vault monster count
 F = Vault count percentage of total count
                 A         B        C        D         E       F
            +---------+---------+-------+---------+---------+-------
      Total |      38 |       0 |   0.0 |      23 |       0 |   0.0
            +---------+---------+-------+---------+---------+-------
        D:1 |      38 |       0 |   0.0 |      23 |       0 |   0.0
            +---------+---------+-------+---------+---------+-------
